cohdb
Replays
Latest Replays
All Replays
Popular Replays
Top Player Replays
Match Explorer
How It Works
Community
CoH3 Stats
Reddit
Sign in to upload your games and track your stats! →
Sign in with Steam
Match 45326567
Unlisted
Match 45326567
Overview
Messages
Build Orders
End
Construct Barracks
Engineer Squad
Engineer Squad
1⁄4-ton 4x4 Truck
Selects Advanced Infantry Battlegroup
Infantry Support Center
Riflemen Squad
Construct Motor Pool
Selects Convert to Ranger Squad
Selects Ammunition Storage
Convert to Ranger Squad
M8 Greyhound Armored Car
Selects Designate Assault Position
M24 Chaffee Light Tank
M8 Greyhound Armored Car
M24 Chaffee Light Tank
Ranger Squad
M1 Anti-tank Gun Team
Selects Ranger Weapon Training
Selects M2A1 105mm Howitzer Emplacement
Selects 155mm Rapid Artillery Barrage
Hålken
Critical mass /BG/
Klement
Jm200092
ST Hélios | No Game No Life
Noobsalive
0
0
Comments
sign in to comment!
No comments posted yet!